 Dungeon Crawl Stone Soup version 0.26-a0-971-g1d9d62bb61 (webtiles) character file.

Game seed: 7491855275897157251

1639 pkoi the Cleaver (level 8, -1/71 HPs)
             Began as a Minotaur Monk on Dec 5, 2020.
             Was a Believer of Okawaru.
             Slain by Maggie
             ... wielding a +0 vorpal war axe
              (2 damage)
             ... on level 6 of the Dungeon.
             The game lasted 00:05:17 (4366 turns).

pkoi the Cleaver (Minotaur Monk)                    Turns: 4366, Time: 00:05:18

Health: -1/71      AC: 21    Str: 20    XL:     8   Next: 66%
Magic:  5/7        EV: 14    Int:  4    God:    Okawaru [**....]
Gold:   124        SH:  0    Dex: 13    Spells: 7/7 levels left

rFire    . . .     SeeInvis .   o - +0 battleaxe
rCold    . . .     Faith    .   (shield currently unavailable)
rNeg     . . .     Spirit   .   r - +9 scale mail of a sewer {MR+ rCorr Str+2 Int-3}
rPois    .         Reflect  .   (helmet restricted)
rElec    .         Harm     .   (no cloak)
rCorr    +         Rampage  .   (no gloves)
MR       +....                  h - +2 pair of boots
Stlth    ++........             t - amulet of regeneration
HPRegen  0.61/turn              (no ring)
MPRegen  0.10/turn              B - ring of flight

@: heroism, mesmerised
A: retaliatory headbutt, horns 2
a: Heroism, Renounce Religion, Evoke Flight


You were on level 6 of the Dungeon.
You worshipped Okawaru.
Okawaru was pleased with you.
You visited 1 branch of the dungeon, and saw 6 of its levels.
You also visited: Sewer.

You collected 273 gold pieces.
You spent 149 gold pieces at shops.

Inventory:

Hand Weapons
 a - a +1 hand axe
 m - a +0 war axe
 o - a +0 battleaxe (weapon)
Missiles
 g - 39 poisoned darts (quivered)
 l - 3 curare-tipped darts
Armour
 b - a +0 robe
 h - a +2 pair of boots (worn)
 q - a +1 plate armour
 r - the +9 scale mail of a sewer (worn) {MR+ rCorr Str+2 Int-3}
   (You found it on level 4 of the Dungeon)

   It affects your strength (+2).
   It affects your intelligence (-3).
   It affects your resistance to hostile enchantments.
   It provides partial protection from all sources of acid and corrosion.
Jewellery
 t - an amulet of regeneration (around neck)
 A - an uncursed ring of ice
 B - a ring of flight (right hand)
 D - an uncursed amulet of faith {unknown}
Scrolls
 d - 5 scrolls of identify
 k - 6 scrolls of teleportation
 n - 3 scrolls of blinking
 p - a scroll of remove curse
 s - a scroll of enchant weapon
 w - a scroll of amnesia
 x - 2 scrolls of magic mapping {unknown}
 y - 2 scrolls of fear {unknown}
 z - a scroll of fog {unknown}
 E - a scroll of enchant armour
Potions
 c - 2 potions of lignification
 e - 2 potions of flight {unknown}
 f - 4 potions of curing
 i - a potion of invisibility {unknown}
 j - 5 potions of heal wounds {unknown}
 u - 5 potions of magic {unknown}
 v - 2 potions of might
 C - a potion of haste {unknown}


   Skills:
 + Level 6.8(11.8) Fighting
 + Level 10.8(15.8) Axes
 + Level 5.5(10.5) Armour
 - Level 3.2(8.2) Dodging
 - Level 1.5(6.5) Stealth


You had 7 spell levels left.
You didn't know any spells.
Your spell library contained the following spells:

 Spells                   Type           Power        Failure   Level
 Animate Skeleton         Necr           #.....       80%         1
 Apportation              Tloc           #.....       80%         1
 Corona                   Hex            #......      80%         1
 Summon Small Mammal      Summ           #...         80%         1


Dungeon Overview and Level Annotations

Branches:
Dungeon (6/15)             Temple (0/1) D:6           Sewer (visited)

Altars:
Dithmenos
Okawaru

Shops:
D:4 *

Annotations:
D:6 Maggie


Innate Abilities, Weirdness & Mutations

You reflexively headbutt those who attack you in melee.
You have a pair of horns on your head.


Message History

Maggie is heavily wounded.
You slash the adder!
You kill the adder!
Okawaru accepts your kill.
Maggie points at you and mumbles some strange words.
The bolt of fire hits you.
You closely miss Maggie. You headbutt Maggie!
Maggie is severely wounded.
Maggie hits you with a +0 vorpal war axe.
You barely miss Maggie.
Maggie is severely wounded.
Maggie hits you with a +0 vorpal war axe!
* * * LOW HITPOINT WARNING * * *
x2 You slash Maggie!
Maggie is almost dead.
You hit Maggie.
Maggie is almost dead.
Maggie hits you with a +0 vorpal war axe!
* * * LOW HITPOINT WARNING * * *
You die...

########################
........................
....................<...
....... #...##....##....
.......##>..##'#####....
..................##....
......†@...†............
......@##...##....##....
....... ##'#########....
....... #...# .......
....... #...# .##....
....... #...# #....
.....[. #...# #....
....... #...# #....
#...#


You could see Maggie (mesmerising, strong).

Vanquished Creatures
  Grinder (D:4)
  A black bear (D:6)
  An ogre (D:5)
  2 centaurs
  2 bullfrogs (Sewer)
  2 scorpions
  4 orc priests
  4 orc wizards
  2 hounds (D:6)
  A jelly (D:5)
  A bullfrog skeleton (D:4)
  2 iguanas
  6 worker ants
  A hound skeleton (D:5)
  A worker ant zombie (D:5)
  5 river rats
  11 adders
  A shadow imp (D:5)
  3 white imps
  An ufetubus (D:6)
  4 oozes
  3 worms (D:4)
  A dart slug (D:2)
  3 leopard geckos
  12 orcs
  12 ball pythons
  3 giant cockroaches
  9 goblins
  8 hobgoblins
  9 jackals
  7 bats
  12 frilled lizards
  A giant cockroach zombie (D:5)
  A jackal skeleton (D:6)
  7 kobolds
  A leopard gecko skeleton (D:4)
  30 rats
175 creatures vanquished.

Vanquished Creatures (others)
  4 plants (D:2)
4 creatures vanquished.

Grand Total: 179 creatures vanquished

Notes
Turn   | Place    | Note
-------+----------+-------------------------------------------
     0 | D:1      | pkoi the Minotaur Monk began the quest for the Orb.
     0 | D:1      | Reached XP level 1. HP: 19/19 MP: 0/0
    46 | D:1      | Reached skill level 4 in Axes
    56 | D:1      | Reached XP level 2. HP: 26/26 MP: 1/1
   219 | D:1      | Reached skill level 5 in Axes
   332 | D:1      | Reached XP level 3. HP: 31/31 MP: 2/2
  1410 | D:3      | Reached skill level 6 in Axes
  1410 | D:3      | Reached XP level 4. HP: 39/39 MP: 3/3
  2234 | D:4      | Reached XP level 5. HP: 45/45 MP: 4/4
  2252 | D:4      | Reached skill level 7 in Axes
  2323 | D:4      | Noticed Grinder
  2444 | D:3      | Reached skill level 8 in Axes
  2446 | D:3      | Reached XP level 6. HP: 12/51 MP: 5/5
  2779 | D:4      | Killed Grinder
  2780 | D:4      | Reached skill level 9 in Axes
  3052 | D:4      | Reached XP level 7. HP: 55/58 MP: 6/6
  3057 | D:4      | Got a brightly glowing scale mail
  3068 | D:4      | Identified the +9 scale mail of a sewer {MR+ rCorr Str+2
                  | Int-3} (You found it on level 4 of the Dungeon)
  3123 | D:4      | Reached skill level 1 in Armour
  3136 | D:4      | Found a shadowy altar of Dithmenos.
  3543 | D:5      | Entered Level 5 of the Dungeon
  3583 | D:4      | Found Ojor's Assorted Antiques.
  3593 | D:4      | Bought a battleaxe for 149 gold pieces
  3606 | D:5      | Found a glowing drain.
  3626 | Sewer    | Entered a sewer
  3777 | Sewer    | Reached skill level 10 in Axes
  3784 | Sewer    | Reached skill level 5 in Fighting
  3831 | Sewer    | Reached XP level 8. HP: 67/68 MP: 7/7
  3947 | D:5      | Found an iron altar of Okawaru.
  3960 | D:5      | Became a worshipper of Warmaster Okawaru
  3960 | D:5      | Reached * piety under Okawaru
  3960 | D:5      | Reached ** piety under Okawaru
  4180 | D:6      | Found a staircase to the Ecumenical Temple.
  4257 | D:6      | Reached skill level 5 in Armour
  4353 | D:6      | Noticed Maggie
  4366 | D:6      | HP: 1/71 [Maggie/+0 vorpal war axe (7)]
  4366 | D:6      | Slain by Maggie

Illustrated notes

Levels and vault maps discovered:
D:1:      grunt_arrival_crossed_arrows, layout_basic
D:2:      layout_loops_ring, serial_forest, infiniplex_forest_straight_2,
          infiniplex_forest_lined_corner, infiniplex_forest_clump_double,
          infiniplex_forest_clump_long, infiniplex_forest_corner_1,
          infiniplex_forest_clump_long, infiniplex_forest_zigzag_1,
          chequers_serial_rivers_micro_c
D:3:      layout_basic
D:4:      layout_basic, serial_shops, shop,
          nicolae_dithmenos_through_a_glass_darkly, uniq_grinder,
          uniq_crazy_yiuf_cottage
D:5:      layout_rooms, okawaru_gym_becter, portal_sewer_entry_c
D:6:      layout_gridville, minmay_temple_entry_glassed_door, basic_altar,
          small_statue_intersection, st_stairs_7, kb_lookout_dungeons_type,
          minmay_manual_mandibuliform, uniq_maggie

Skill      XL: |  1  2  3  4  5  6  7  8 |
---------------+-------------------------+-----
Axes           | 4 5 6 8 9 10 | 10.8
Armour         | 3 5 |  5.5
Fighting       | 5 6 |  6.8
Dodging        | |  3.2
Stealth        | |  1.5

Action                   |  1- 3 |  4- 6 |  7- 9 || total
-------------------------+-------+-------+-------++-------
Melee: Hand axe          |    58 |    31 |       ||    89
       Headbutt          |     9 |    18 |    37 ||    64
       War axe           |       |    45 |    38 ||    83
       Battleaxe         |       |       |   185 ||   185
Invok: Heroism           |       |       |     1 ||     1
  Use: Scroll            |     6 |     1 |     1 ||     8
       Potion            |     1 |       |       ||     1
 Stab: Sleeping          |     8 |     2 |       ||    10
Armor: Robe              |     5 |    15 |       ||    20
       Plate armour      |       |     4 |       ||     4
       Scale mail        |       |       |   160 ||   160
Dodge: Dodged            |    34 |    65 |   138 ||   237

Table legend: (Time is in decaauts)
 A = Elapsed time spent in this place.
 B = Non-inter-level travel time spent in this place.
 C = Inter-level travel time spent in this place.
 D = Time resting spent in this place.
 E = Time spent auto-exploring this place.
 F = Levels seen in this place.
 G = Mean time per level.
                   A        B        C        D        E       F      G
               +--------+--------+--------+--------+--------+-----+--------+
         Total |   4451 |   4301 |    150 |    660 |   2693 |   7 |  635.9 |
       Dungeon |   4164 |   4014 |    150 |    660 |   2551 |   6 |  694.0 |
         Sewer |    286 |    286 |      0 |      0 |    141 |   1 |  286.0 |
               +--------+--------+--------+--------+--------+-----+--------+

Top non-repeatable levels by time:
     D:3: 1431 daAuts
     D:4: 917 daAuts
     D:2: 721 daAuts
     D:1: 501 daAuts
     D:5: 393 daAuts
   Sewer: 286 daAuts
     D:6: 200 daAuts
